 Dungeon Crawl Stone Soup version 0.19-a0-994-g3c636f0 (webtiles) character file.

39 mistymad the Poker (level 3, 0/29 HPs)
             Began as a Merfolk Monk on July 15, 2016.
             Was a Believer of Fedhas.
             Killed from afar by Sigmund (7 damage)
             ... with a magic dart
             ... on level 2 of the Dungeon.
             The game lasted 00:02:43 (1233 turns).

mistymad the Poker (Merfolk Monk)                   Turns: 1233, Time: 00:02:44

Health: 0/29       AC:  6    Str: 12    XL:     3   Next: 47%
Magic:  3/3        EV: 13    Int:  9    God:    Fedhas [**....]
Gold:   100        SH:  0    Dex: 16    Spells: 0 memorised, 2 levels left

rFire  . . .     SeeInvis .     a - +0 spear
rCold  . . .     Gourm    .     q - +0 ring mail
rNeg   . . .     Faith    .     (no shield)
rPois  .         Spirit   .     m - +0 helmet (curse)
rElec  .         Dismiss  .     (no cloak)
rCorr  .         Reflect  .     (no gloves)
SustAt .         Harm     .     (no boots)
MR     .....                    (no amulet)
Stlth  +.........               (no ring)
                                (no ring)

@: not resistant to hostile enchantments, very unstealthy
A: change form in water, swift swim
a: Evolution, Sunlight, Renounce Religion


You were on level 2 of the Dungeon.
You worshipped Fedhas.
Fedhas was pleased with you.
You were not hungry.

You visited 1 branch of the dungeon, and saw 2 of its levels.

You collected 100 gold pieces.

Inventory:

Hand Weapons
 a - a +0 spear (weapon)
Armour
 m - a cursed +0 helmet (worn)
 q - a +0 ring mail (worn)
Scrolls
 h - a scroll of noise {unknown}
 i - 2 scrolls of identify {unknown}
 j - a scroll of teleportation {unknown}
 k - a scroll of random uselessness {unknown}
 l - a scroll of remove curse {unknown}
Potions
 d - a potion of resistance {unknown}
 e - 2 potions of might {unknown}
 g - 2 potions of curing {unknown}
 o - a potion of lignification {unknown}
 p - a potion of berserk rage {unknown}
Comestibles
 b - 2 chunks of flesh
 c - 2 bread rations
 f - 3 fruits
 n - a beef jerky


   Skills:
 + Level 3.5 Fighting
 + Level 5.2 Polearms
 + Level 1.0 Armour
 + Level 4.4 Dodging
 - Level 2.1 Stealth


You had 2 spell levels left.
You didn't know any spells.

Dungeon Overview and Level Annotations

Branches:
Dungeon (2/15)

Altars:
Fedhas

Annotations:
D:2 Sigmund


Message History

Sigmund is moderately wounded.
Sigmund casts a spell.
Sigmund flickers and vanishes!
Deactivating autopickup; reactivate with Ctrl-A.
No target in view!
No target in view!
Attack whom?
Press: ? - help, Dir - move target cursor You could not reach far enough!
Something hits you!
* * * LOW HITPOINT WARNING * * *
You take 13 damage, and have 6/29 hp.
MASSIVE DAMAGE!!
Attack whom?
Press: ? - help, Dir - move target cursor, f - you
Okay, then.
You swap places.
Something hits the bush.
Something hits the bush.
A magic dart appears from out of thin air!
The magic dart hits you!
You die...
Fedhas appreciates your contribution to the ecosystem.

♣..#.##$##.....♣## #
♣♣..#.##.##..##.P.## # .#
♣P♣....<.....##P♣♣P### ## ...
♣.....#$##.##..♣....#####÷
...PP♣♣♣{PP..##.##.♣♣.♣........
#.P.P.P♣P......#....♣♣P######.
#.....P÷...........♣♣♣........
##....)..##.#####...♣♣♣.######
....[.......f.@...P♣♣♣♣..#
###.#...#####.#.###PP♣...# #
##### ..###(##.P.♣..# ..##
####.P.P.# ## ##..#÷#
#.##P###### #. #....... ..
######## ##


You could see a friendly wandering mushroom.

Vanquished Creatures
  2 worms (D:2)
  3 giant geckos
  5 bats
  A giant cockroach (D:1)
  3 goblins
  5 hobgoblins
  A quokka (D:2)
  A ball python (D:2)
  3 giant newts
  2 kobolds (D:1)
  6 rats
32 creatures vanquished.

Vanquished Creatures (others)
  8 toadstools (D:2)
8 creatures vanquished.

Grand Total: 40 creatures vanquished

Notes
Turn   | Place    | Note
-------+----------+-------------------------------------------
     0 | D:1      | mistymad the Merfolk Monk began the quest for the Orb.
     0 | D:1      | Reached XP level 1. HP: 18/18 MP: 1/1
   141 | D:1      | Reached XP level 2. HP: 21/24 MP: 2/2
   526 | D:1      | Reached skill level 5 in Polearms
   990 | D:2      | Reached XP level 3. HP: 28/29 MP: 3/3
   991 | D:2      | Found a blossoming altar of Fedhas.
  1016 | D:2      | Became a worshipper of Fedhas Madash
  1016 | D:2      | Reached * piety under Fedhas
  1016 | D:2      | Reached ** piety under Fedhas
  1119 | D:2      | Reached skill level 1 in Armour
  1222 | D:2      | Noticed Sigmund
  1233 | D:2      | Killed from afar by Sigmund

Vault maps used:
D:1:      ncdulo_watergridlock
D:2:      fedhas_altar_1, serial_forest, infiniplex_forest_clump_long,
          infiniplex_forest_clump_curved, infiniplex_forest_clump_curved,
          infiniplex_forest_straight_2, infiniplex_forest_straight_4,
          infiniplex_forest_3_way, infiniplex_forest_clump_cross,
          infiniplex_forest_corner_1, infiniplex_forest_zigzag_1,
          infiniplex_forest_straight_4, minmay_pentomino_r2, uniq_sigmund

Skill      XL: |  1  2  3 |
---------------+----------+-----
Polearms       | 5 |  5.2
Armour         | 1 |  1.0
Fighting       | |  3.5
Dodging        | |  4.4
Stealth        | |  2.1

Action                   || total
-------------------------++-------
Melee: Spear             ||   133
Invok: Evolution         ||     1
 Stab: Sleeping          ||     2
  Eat: Chunk             ||     1
Armor: Robe              ||     6
       Ring mail         ||    12
Dodge: Dodged            ||    66
